 Dungeon Crawl Stone Soup version 0.30-a0-748-ge6a52f7cba (webtiles) character file.

Game seed: 17011880842517868056

870 MachoJfn the Chopper (level 7, -9/52 HPs)
             Began as a Demonspawn Gladiator on Feb 8, 2023.
             Was an Initiate of Yredelemnul.
             Mangled by a two-headed ogre
             ... wielding a +0 giant club
              (23 damage)
             ... on level 5 of the Dungeon on Feb 9, 2023.
             The game lasted 00:16:44 (5163 turns).

MachoJfn the Chopper (Demonspawn Gladiator)         Turns: 5163, Time: 00:16:44

Health: -9/52      AC: 19    Str: 16    XL:     7   Next: 73%
Magic:  7/7        EV: 10    Int: 10    God:    Yredelemnul [......]
Gold:   293        SH:  4    Dex: 14    Spells: 6/6 levels left

rFire   . . .      SeeInvis .    a - +2 war axe
rCold   . . .      Faith    .    (no shield)
rNeg    . . .      Spirit   .    u - +0 scale mail
rPois   .          Reflect  .    c - +0 helmet
rElec   .          Harm     .    A - +1 cloak
rCorr   .          Rampage  .    (no gloves)
Will    .....                    g - +0 pair of boots Stlth
                                 (no amulet)
HPRegen 0.28/turn                m - +4 ring of protection
MPRegen 0.10/turn                (no ring)

@: no status effects
A: icemail 1, powered by death 2, condensation shield, weakness stinger 1
a: Renounce Religion, Recall Undead Harvest


You were on level 5 of the Dungeon.
You worshipped Yredelemnul.
Yredelemnul was noncommittal.
You visited 1 branch of the dungeon, and saw 5 of its levels.

You collected 293 gold pieces.

Inventory:

Hand Weapons
 a - a +2 war axe (weapon)
Missiles
 d - 5 throwing nets
 e - a javelin
 C - 4 curare-tipped darts
Armour
 c - a +0 helmet (worn)
 g - a +0 pair of boots (worn)
 u - a +0 scale mail (worn)
 A - a +1 cloak (worn)
Jewellery
 b - a ring of wizardry
 m - a +4 ring of protection (left hand)
Wands
 z - a wand of iceblast (6)
Scrolls
 f - 3 scrolls of identify
 k - 2 scrolls of fear (quivered)
 r - 2 scrolls of teleportation
 s - a scroll of magic mapping
Potions
 h - a potion of brilliance
 i - a potion of degeneration {unknown}
 j - a potion of resistance {unknown}
 l - a potion of cancellation {unknown}
 n - a potion of attraction {unknown}
 o - a potion of ambrosia {unknown}
 q - a potion of lignification {unknown}
 x - a potion of might


   Skills:
 + Level 3.6 Fighting
 + Level 6.0 Axes
 + Level 2.1 Throwing
 + Level 4.0 Armour
 + Level 3.4 Dodging
 + Level 1.1 Stealth
 + Level 0.6 Shields


You had 6 spell levels left.
You didn't know any spells.
Your spell library contained the following spells:

 Spells                   Type           Power      Damage    Failure   Level
 Frozen Ramparts          Ice            0%         1d1       98%         3
 Portal Projectile        Hex/Tloc       0%         N/A       98%         3
 Tukima's Dance           Hex            0%         N/A       98%         3
 Cause Fear               Hex            0%         N/A       100%        4
 Ice Form                 Ice/Tmut       0%         N/A       100%        4
 Summon Ice Beast         Ice/Summ       0%         N/A       100%        4
 Blade Hands              Tmut           0%         N/A       100%        5
 Dragon Form              Tmut           0%         N/A       100%        7
 Dragon's Call            Summ           0%         N/A       100%        9


Dungeon Overview and Level Annotations

Branches:
Dungeon (5/15)
 Temple: D:4-7

Altars:
Cheibriados
Gozag
Hepliaklqana
Okawaru
Qazlal
Sif Muna
Vehumet
Xom
Yredelemnul

Annotations:
D:3 3 runed translucent doors, Valamore's ghost, weakling DrCj


Innate Abilities, Weirdness & Mutations

A meltable icy envelope protects you from harm. (AC +4)
You regenerate health from kills.
A meltable shield of frost defends you. (SH +4)
You have a small tail.


Message History

The two-headed ogre shouts in stereo!
You see here a book of Rime.
Your spectral white imp hits the two-headed ogre.
The two-headed ogre hits your spectral white imp with a +0 giant club!
Your spectral white imp is destroyed!
You see here a book of Rime.
You pick up a book of Rime and begin reading...
You add the spells Frozen Ramparts, Ice Form and Summon Ice Beast to your library.
The two-headed ogre hits your gnoll zombie with a +0 giant club!!
Your gnoll zombie is destroyed!
The two-headed ogre hits your orc zombie with a +0 giant club!!
Your orc zombie is destroyed!
The two-headed ogre hits Blork with a +0 giant club!!
Blork is destroyed!
You slash the two-headed ogre! You tail-slap the two-headed ogre.
The two-headed ogre is moderately wounded.
The two-headed ogre hits you with a +0 giant club!
The two-headed ogre hits you but does no damage.
You closely miss the two-headed ogre.
The two-headed ogre is moderately wounded.
The two-headed ogre barely misses you.
The two-headed ogre hits you with a +0 giant club!
Aiming: Iceblast
Press: ? - help, Q - select action, (/) - cycle Shift-Dir - straight line, f - two-headed ogre
Aim: a two-headed ogre, wielding two +0 giant clubs (moderately wounded) That beam is likely to hit you.
Continue anyway?
The mass of ice explodes!
The iceblast engulfs the two-headed ogre!
The two-headed ogre is heavily wounded.
The iceblast engulfs you!
* * * LOW HITPOINT WARNING * * *
You hit the two-headed ogre.
The two-headed ogre is heavily wounded.
The two-headed ogre completely misses you.
The two-headed ogre misses you.
You closely miss the two-headed ogre.
The two-headed ogre is heavily wounded.
The two-headed ogre hits you with a +0 giant club!!
You die...
Your body rises from the dead as a mindless zombie.

.....
#≈...♣...♣...≈#
.......
#≈...♣♣.♣♣...≈#
.......
#≈≈....⌠....≈≈#
....###
#≈≈≈.......≈≈≈#
#≈≈≈≈.....≈≈≈≈#
#≈≈≈≈≈≈.≈≈≈≈≈≈#
#######'#######
##..#
########@.##
.......O.##
...#######


You could see a two-headed ogre.

Vanquished Creatures
  An ice beast (D:3)
  2 centaurs (D:5)
  A phantom (D:4)
  Blork the orc (D:5)
  A necrophage (D:5)
  2 scorpions
  An orc priest (D:3)
  A jelly (D:5)
  An orc wizard (D:3)
  3 adders
  8 gnolls
  An ufetubus (D:4)
  3 worms
  4 dart slugs
  3 orcs
  9 bats
  7 endoplasms
  3 giant cockroaches
  3 goblins
  5 hobgoblins
  A quokka (D:1)
  3 ball pythons
  9 kobolds
  3 rats
76 creatures vanquished.

Vanquished Creatures (collateral kills)
  An adder (D:5)
  A white imp (D:5)
  An ufetubus (D:5)
  An orc (D:5)
  A ball python (D:4)
  An endoplasm (D:4)
  A giant cockroach (D:4)
  A quokka (D:4)
  A goblin (D:3)
9 creatures vanquished.

Vanquished Creatures (others)
  2 centaur zombies (D:5)
  A scorpion zombie (D:5)
  An ice beast zombie (D:3)
  An adder zombie (D:5)
  A jelly zombie (D:5)
  A spectral white imp (D:5)
  A bat zombie (D:3)
  2 gnoll zombies
  4 orc zombies
14 creatures vanquished.

Grand Total: 99 creatures vanquished

Notes
Turn   | Place    | Note
-------+----------+-------------------------------------------
     0 | D:1      | MachoJfn the Demonspawn Gladiator began the quest for the
                  | Orb.
     0 | D:1      | Reached XP level 1. HP: 16/16 MP: 1/1
    89 | D:1      | Reached skill level 3 in Axes
   124 | D:1      | Gained mutation: You have a small tail. [demonic ancestry]
   124 | D:1      | Reached XP level 2. HP: 21/22 MP: 2/2
   728 | D:1      | Gained mutation: You regenerate a little health from kills.
                  | [demonic ancestry]
   728 | D:1      | Reached XP level 3. HP: 27/28 MP: 3/3
  1330 | D:2      | Gained mutation: A meltable shield of frost defends you.
                  | (SH +4) [demonic ancestry]
  1330 | D:2      | Reached XP level 4. HP: 34/34 MP: 4/4
  1601 | D:3      | Found a snail-covered altar of Cheibriados.
  1601 | D:3      | Found a basalt altar of Yredelemnul.
  1607 | D:3      | Became a worshipper of Yredelemnul the Dark
  1644 | D:3      | Noticed an ice beast
  1654 | D:3      | Killed an ice beast
  1655 | D:3      | Reached skill level 4 in Axes
  1655 | D:3      | Reached skill level 1 in Armour
  1655 | D:3      | Reached XP level 5. HP: 27/40 MP: 5/5
  1869 | D:3      | Reached * piety under Yredelemnul
  1870 | D:3      | Reached skill level 1 in Stealth
  2706 | D:3      | Found a runed translucent gate.
  2706 | D:3      | Found a runed translucent gate.
  2706 | D:3      | Found a runed translucent gate.
  2720 | D:3      | Noticed Valamore's ghost (weakling DrCj)
  3697 | D:4      | Noticed a phantom
  3709 | D:4      | Killed a phantom
  3710 | D:4      | Gained mutation: You regenerate health from kills. [demonic
                  | ancestry]
  3710 | D:4      | Reached XP level 6. HP: 40/47 MP: 6/6
  4207 | D:4      | Reached ** piety under Yredelemnul
  4692 | D:4      | Reached skill level 5 in Axes
  4794 | D:4      | Reached *** piety under Yredelemnul
  4909 | D:5      | Entered Level 5 of the Dungeon
  4942 | D:5      | Gained mutation: A meltable icy envelope protects you from
                  | harm. (AC +4) [demonic ancestry]
  4942 | D:5      | Reached XP level 7. HP: 36/52 MP: 7/7
  5011 | D:5      | Found a shimmering altar of Xom.
  5026 | D:5      | Found an iron altar of Okawaru.
  5026 | D:5      | Found a stormy altar of Qazlal.
  5027 | D:5      | Found a hazy altar of Hepliaklqana.
  5027 | D:5      | Found a shimmering blue altar of Sif Muna.
  5027 | D:5      | Found an opulent altar of Gozag.
  5045 | D:5      | Found a radiant altar of Vehumet.
  5051 | D:5      | Noticed Blork the orc
  5067 | D:5      | Killed Blork the orc
  5068 | D:5      | Reached skill level 6 in Axes
  5147 | D:5      | Noticed a two-headed ogre
  5157 | D:5      | Your ally Blork died
  5163 | D:5      | Mangled by a two-headed ogre

Illustrated notes

Levels and vault maps discovered:
D:1:      wheals_arrival_shading, layout_basic
D:2:      layout_basic, nrook_loot_triangle
D:3:      layout_loops_corners, gammafunk_temple_overflow_wave,
          gammafunk_ghost_necromancy, minmay_misc_feat_doors,
          dreamdust_princess_bridge
D:4:      layout_basic
D:5:      layout_rooms, vehumet_crystals, grunt_temple_overflow_open,
          kennysheep_generic_room_2, uniq_blork_the_orc

Skill      XL: |  1  2  3  4  5  6  7 |
---------------+----------------------+-----
Axes           | 3 4 5 6 |  6.0
Throwing       | 2 |  2.1
Armour         | 1 2 3 4 |  4.0
Dodging        | 3 |  3.4
Stealth        | 1 |  1.1
Fighting       | 3 |  3.6
Shields        | |  0.6

Action                     |  1- 3 |  4- 6 |  7- 9 || total
---------------------------+-------+-------+-------++-------
  Melee: War axe           |    86 |    94 |    20 ||   200
         Tailslap          |     8 |    10 |     3 ||    21
         Punch             |       |     4 |       ||     4
  Evoke: Wand              |       |       |     1 ||     1
    Use: Scroll            |       |    12 |     2 ||    14
         Potion            |       |     1 |     4 ||     5
   Stab: Sleeping          |     4 |       |       ||     4
 Armour: Leather armour    |    34 |       |       ||    34
         Scale mail        |       |    44 |    29 ||    73
  Dodge: Dodged            |    75 |    43 |    21 ||   139
  Block: Other             |       |    13 |     4 ||    17

Table legend: (Time is in decaauts)
 A = Elapsed time spent in this place.
 B = Non-inter-level travel time spent in this place.
 C = Inter-level travel time spent in this place.
 D = Time resting spent in this place.
 E = Time spent auto-exploring this place.
 F = Levels seen in this place.
 G = Mean time per level.
                   A        B        C        D        E       F      G
               +--------+--------+--------+--------+--------+-----+--------+
         Total |   5221 |   4527 |    694 |   1014 |   2792 |   5 | 1044.2 |
       Dungeon |   5221 |   4527 |    694 |   1014 |   2792 |   5 | 1044.2 |
               +--------+--------+--------+--------+--------+-----+--------+

Top non-repeatable levels by time:
     D:3: 2189 daAuts
     D:4: 1226 daAuts
     D:1: 937 daAuts
     D:2: 608 daAuts
     D:5: 260 daAuts
